 Dungeon Crawl Stone Soup version 0.19-a0-32-gbfd796a (webtiles) character file.

284 M4edhros the Insei (level 6, -1/36 HPs)
             Began as an Octopode Necromancer on May 3, 2016.
             Killed from afar by an orc wizard (9 damage)
             ... with a magic dart
             ... on level 4 of the Dungeon.
             The game lasted 00:07:34 (1081 turns).

M4edhros the Insei (Octopode Necromancer)           Turns: 1081, Time: 00:07:35

Health: -1/36      AC:  1    Str:  7    XL:     6   Next: 29%
Magic:  11/18      EV: 12    Int: 17    God:
Gold:   99         SH:  0    Dex: 15    Spells: 3 memorised, 4 levels left

rFire  + . .     SeeInvis .     k - +2 dagger (elec)
rCold  x . .     Gourm    .     (no shield)
rNeg   . . .     Faith    .     (helmet restricted)
rPois  .         Spirit   .     (no amulet)
rElec  .         Dismiss  .     c - ring of magical power
rCorr  .         Reflect  .     f - ring of protection from magic
SustAt .         Harm     .     l - ring of fire
MR     +....                    (no ring)
Stlth  +++.......               (no ring)
                                (no ring)
                                (no ring)
                                (no ring)

@: regenerating (expiring), somewhat resistant to hostile enchantments, fairly
stealthy
A: almost no armour, amphibious, 8 rings, constrict 8, camouflage 1, gelatinous
body 1
a: no special abilities


You were on level 4 of the Dungeon.
You were near starving.

You visited 1 branch of the dungeon, and saw 5 of its levels.

You collected 99 gold pieces.

Inventory:

Hand Weapons
 k - a +2 dagger of electrocution (weapon)
Jewellery
 c - a ring of magical power (left tentacle)
 f - a ring of protection from magic (right tentacle)
 l - a ring of fire (on tentacle)
Scrolls
 e - 3 scrolls of identify {unknown}
 i - a scroll of magic mapping {unknown}
 j - a scroll of enchant weapon {unknown}
 m - a scroll of enchant armour {unknown}
 n - a scroll of random uselessness {unknown}
 o - a scroll of blinking {unknown}
Potions
 g - a potion of flight
Books
 a - a book of Necromancy

   Spells                             Type                      Level
   a - Pain                           Necromancy                   1
   b - Animate Skeleton               Necromancy                   1
   c - Vampiric Draining              Necromancy                   3
   d - Regeneration                   Charms/Necromancy            3
   e - Animate Dead                   Necromancy                   4
   f - Control Undead                 Necromancy                   4
Comestibles
 b - 3 bread rations
 d - 6 chunks of flesh
 h - a meat ration


   Skills:
 - Level 2.0 Dodging
 - Level 2.6 Stealth
 + Level 6.0 Unarmed Combat
 - Level 2.0 Spellcasting
 - Level 4.0 Necromancy


You had 4 spell levels left.
You knew the following spells:

 Your Spells              Type           Power        Failure   Level  Hunger
a - Pain                  Necr           ###.         3%          1    #......
b - Animate Skeleton      Necr           N/A          3%          1    #......
r - Regeneration          Chrm/Necr      #.........   24%         3    ###....


Dungeon Overview and Level Annotations

Branches:
Dungeon (5/15)
 Temple: D:4-7

Altars:
Elyvilon


Innate Abilities, Weirdness & Mutations

You cannot wear most types of armour.
You are amphibious.
You can wear up to eight rings at the same time.
You can use your tentacles to constrict eight enemies at once.
Your skin changes colour to match your surroundings (Stealth).
Your rubbery body absorbs attacks (AC +1).


Message History

The hound bites you. The hound closely misses you.
You barely miss the hound. Your grab misses the hound. You squeeze the hound!
The hound is heavily wounded.
The hound bites you.
You hit the hound.
There is a sudden explosion of sparks!
You kill the hound!
Your Unarmed Combat skill increases to level 6!
The orc wizard points at you and mumbles some strange words.
The magic dart hits you!
* * * LOW HITPOINT WARNING * * *
The gnoll hits you from afar with a spear.
* * * LOW HITPOINT WARNING * * *
Drink which item? (? for menu, Esc to quit)
Okay, then.
The orc wizard barely misses you.
Your skin is crawling a little less now.
The orc wizard miscasts a cantrip.
The orc wizard points at you and mumbles some strange words.
The magic dart hits you!
You die...

...# ##....# .# .....#
... .....#.....##
....#......# #
........#...
#..########...........
.#..@.ogg............
......#######...........
.#####........#####.....
#....o†###>........
#.....####.###.....
#......o.gg###.....
#.....##.....).....
#.......#..##..###...
.?.....#..###........


You could see an orc wizard and 2 gnolls.

Vanquished Creatures
  A scorpion (D:4)
  A hound (D:4)
  An orc priest (D:3)
  An orc wizard (D:4)
  2 worker ants (D:4)
  2 gnolls (D:4)
  2 adders
  An ooze (D:1)
  2 worms (D:2)
  3 dart slugs
  4 orcs
  4 bats (D:1)
  3 giant cockroaches
  2 hobgoblins (D:2)
  3 jackals (D:1)
  3 kobolds
  A quokka (D:2)
  A giant newt (D:1)
  2 goblins (D:1)
  3 rats
42 creatures vanquished.

Vanquished Creatures (collateral kills)
  An adder (D:2)
  A goblin (D:2)
  A hobgoblin (D:1)
3 creatures vanquished.

Grand Total: 45 creatures vanquished

Notes
Turn   | Place    | Note
--------------------------------------------------------------
     0 | D:1      | M4edhros the Octopode Necromancer began the quest for the Orb.
     0 | D:1      | Reached XP level 1. HP: 11/11 MP: 3/3
    35 | D:1      | Reached skill level 1 in Unarmed Combat
    38 | D:1      | Learned a level 1 spell: Animate Skeleton
    83 | D:1      | Reached XP level 2. HP: 2/17 MP: 1/5
   201 | D:1      | Reached skill level 2 in Unarmed Combat
   463 | D:2      | Reached XP level 3. HP: 3/21 MP: 6/6
   468 | D:2      | Learned a level 3 spell: Regeneration
   603 | D:2      | Reached skill level 3 in Unarmed Combat
   679 | D:2      | Reached XP level 4. HP: 23/27 MP: 7/7
   728 | D:4      | Found a white marble altar of Elyvilon.
   764 | D:4      | Reached skill level 4 in Unarmed Combat
   776 | D:4      | Reached XP level 5. HP: 24/31 MP: 8/8
   865 | D:3      | Reached skill level 5 in Unarmed Combat
  1021 | D:5      | Entered Level 5 of the Dungeon
  1021 | D:5      | Noticed an ogre
  1053 | D:4      | Reached XP level 6. HP: 17/36 MP: 9/9
  1077 | D:4      | Reached skill level 6 in Unarmed Combat
  1081 | D:4      | Killed from afar by an orc wizard

Vault maps used:
D:1:      dpeg_arrival_chase, minivault_19, kennysheep_small_spiral
D:2:      due_unseen_surprise
D:3:      lemuel_round_altar, roderic_hopi_sauvastika, minivault_25
D:4:      nicolae_overflow_crystal_walls, old_standard_altar,
          nicolae_ashenzari_panopticon, grunt_temple_overflow_opulence,
          first_bread
D:5:      lemuel_round_altar, st_stairs_13

Skill      XL: |  1  2  3  4  5  6 |
---------------+-------------------+-----
Unarmed Combat | 1 2 3 4 5 6 |  6.0
Dodging        | |  2.0
Stealth        | |  2.6
Spellcasting   | |  2.0
Necromancy     | |  4.0

Action                   |  1- 3 |  4- 6 || total
-------------------------+-------+-------++-------
Melee: Unarmed           |    13 |       ||    13
       Tentacles         |    10 |     6 ||    16
       Constrict         |    13 |     9 ||    22
       Dagger            |    32 |    39 ||    71
 Cast: Pain              |    22 |     2 ||    24
       Animate Skeleton  |     8 |     6 ||    14
       Regeneration      |     4 |    15 ||    19
  Use: Potion            |     3 |     3 ||     6
 Stab: Sleeping          |     3 |     3 ||     6
  Eat: Chunk             |       |     3 ||     3
Armor: Skin              |     3 |     3 ||     6
Dodge: Dodged            |    34 |    33 ||    67
